 Dungeon Crawl Stone Soup version 0.25-a0-258-g6d7e32a (webtiles) character file.

Game seed: 6407778826694360685, levelgen mode: deterministic

1198 HungryMoth the Ruffian (level 8, -1/67 HPs)
             Began as a Purple Draconian Transmuter on Dec 5, 2019.
             Slain by a porcupine (9 damage)
             ... on level 8 of the Dungeon.
             The game lasted 00:15:52 (5384 turns).

HungryMoth the Ruffian (DrTm)                       Turns: 5384, Time: 00:15:53

Health: -1/67      AC:  3    Str: 19    XL:     8   Next: 20%
Magic:  15/15      EV: 21    Int: 14    God:
Gold:   290        SH:  0    Dex: 17    Spells: 6/17 levels left

rFire    + . .     SeeInvis .     - Unarmed
rCold    . . .     Gourm    .   (shield currently unavailable)
rNeg     . . .     Faith    .   (armour unavailable)
rPois    x         Spirit   .   (helmet currently unavailable)
rElec    .         Reflect  .   (cloak currently unavailable)
rCorr    .         Harm     .   (gloves currently unavailable)
MR       +....                  (boots currently unavailable)
Stlth    +.........             m - amulet of rage
HPRegen  0.21/turn              h - +1 ring of protection
MPRegen  0.14/turn              w - ring of protection from fire

@: confused, mighty, short of breath, spider-form (expiring), berserk cooldown,
drained
A: tiny, (breathe power), unfitting armour, AC +6
a: End Transformation, Evoke Berserk Rage


You were on level 8 of the Dungeon.
You were not hungry.
You were a venomous arachnid creature.
You visited 1 branch of the dungeon, and saw 6 of its levels.
You also visited: Sewer.

You collected 290 gold pieces.

Inventory:

Missiles
 a - 60 arrows
Armour
 g - a scarf of cloud immunity (melded)
 y - a +0 pair of gloves (melded)
Jewellery
 h - a +1 ring of protection (left front leg)
 m - an amulet of rage (around neck)
 w - a ring of protection from fire (right front leg)
Scrolls
 o - a scroll of teleportation
 p - 2 scrolls of remove curse
 u - a scroll of enchant weapon
 B - a scroll of immolation {unknown}
 C - a scroll of blinking {unknown}
Potions
 j - 2 potions of heal wounds
 r - a potion of might
 t - 2 potions of curing {unknown}
 z - a potion of brilliance {unknown}
 A - 2 potions of flight {unknown}
Comestibles
 c - 9 rations


   Skills:
 + Level 4.9(4.0) Fighting
 + Level 4.4(3.4) Dodging
 + Level 5.2(4.3) Unarmed Combat
 - Level 5.0(4.0) Spellcasting
 + Level 4.9(3.9) Transmutations


You had 6 spell levels left.
You knew the following spells:

 Your Spells              Type           Power        Failure   Level  Hunger
a - Beastly Appendage     Tmut           ##....       12%         1    None
b - Sticks to Snakes      Tmut           ##......     16%         2    ##.....
c - Spider Form           Tmut/Pois      #.........   47%         3    ###....
d - Blade Hands           Tmut           ##........   87%         5    ######.

Your spell library contained the following spells:

 Spells                   Type           Power        Failure   Level  Hunger
 Ice Form                 Ice/Tmut       #.......     82%         4    ####...


Dungeon Overview and Level Annotations

Branches:
Dungeon (5/15)              Sewer (visited)
 Temple: D:4-7

Altars:
Ru

Shops:
D:4 %%[(


Innate Abilities, Weirdness & Mutations

((You can breathe bolts of dispelling energy.))
((Your rich purple scales are hard. (AC +6)))
You cannot fit into any form of body armour.
((You are cold-blooded and may be slowed by cold attacks.))


Message History

You feel very mighty all of a sudden. The hell rat closely misses you.
The porcupine barely misses you.
A death yak comes into view.
Casting: Spider Form (safe; 24% risk of failure)
Confirm with . or Enter, or press ? or * to list all spells.
You turn into a venomous arachnid creature.
Your scarf of cloud immunity melds into your body.
Your +0 pair of gloves melds into your body.
You feel vulnerable to the effects of clouds.
The porcupine bites you!
* * * LOW HITPOINT WARNING * * *
The hell rat misses you.
You are confused.
You feel invigorated.
Your transformation is almost over.
The porcupine misses you.
The crimson imp blinks!
The hell rat bites you.
* * * LOW HITPOINT WARNING * * *
You feel drained. The rat barely misses you.
You miss the hell rat. The porcupine bites you!
You die...

#............
#............. .
#..............
..#...............
..Y..ยง.............
5....<.............
.#.....r...........
......rs...........
.###..r............
#.............#
#............#
##...........#
#........##.#
#.......## .
#......### #..#...##


You could see a death yak, a hell rat, a porcupine, a crimson imp and a rat.

Vanquished Creatures
  A hippogriff (D:8)
  The ghost of caek the Conjurer, an amateur DECj (D:4)
  3 porcupines (D:8)
  A big kobold (Sewer)
  A scorpion (D:4)
  A crimson imp (D:4)
  An orc wizard (D:3)
  Terence (D:1)
  Natasha (thrice) (D:2)
  4 worker ants
  A howler monkey zombie (D:5)
  3 gnolls (D:4)
  6 adders
  3 river rats
  3 oozes
  An adder skeleton (D:4)
  7 worms
  2 dart slugs
  5 leopard geckos
  6 orcs
  A ball python (D:3)
  14 bats
  2 giant cockroaches
  10 goblins
  7 hobgoblins
  7 jackals
  5 quokkas
  5 frilled lizards
  7 kobolds
  2 leopard gecko skeletons
  2 quokka skeletons (D:4)
  A quokka zombie (D:8)
  10 rats
127 creatures vanquished.

Notes
Turn   | Place    | Note
-------+----------+-------------------------------------------
     0 | D:1      | HungryMoth the Draconian Transmuter began the quest for the
                  | Orb.
     0 | D:1      | Reached XP level 1. HP: 16/16 MP: 3/3
   159 | D:1      | Reached XP level 2. HP: 21/23 MP: 3/5
   296 | D:1      | Learned a level 2 spell: Sticks to Snakes
   760 | D:2      | Noticed Natasha
   767 | D:2      | Killed Natasha
   767 | D:2      | Reached XP level 3. HP: 23/29 MP: 2/6
   875 | D:2      | Noticed Natasha
   883 | D:2      | Killed Natasha
   883 | D:2      | Reached XP level 4. HP: 36/36 MP: 1/7
   891 | D:2      | Learned a level 3 spell: Spider Form
  1272 | D:2      | Noticed Natasha
  1280 | D:2      | Killed Natasha
  1290 | D:2      | Noticed Terence
  1319 | D:1      | Killed Terence
  1319 | D:1      | Reached XP level 5. HP: 5/42 MP: 3/9
  1617 | D:2      | Found a sacrificial altar of Ru.
  3403 | D:4      | Found Itwih's Antique Armour Shop.
  3452 | D:4      | Reached XP level 6. HP: 51/51 MP: 6/10
  3481 | D:4      | Found Duckah's Antique Weapon Shop.
  3515 | D:4      | Found Ogexupupp's Food Emporium.
  3754 | D:4      | Found Wirazam's Food Boutique.
  3900 | D:4      | Found a transporter.
  3906 | D:4      | Found a transporter.
  3906 | D:4      | Noticed caek's ghost (amateur DECj)
  4099 | D:4      | Learned a level 5 spell: Blade Hands
  4117 | D:4      | Killed caek's ghost
  4117 | D:4      | Your scales start taking on a rich purple colour.
  4117 | D:4      | Reached XP level 7. HP: 36/58 MP: 7/13
  4578 | D:5      | Entered Level 5 of the Dungeon
  4749 | D:5      | Found a glowing drain.
  4772 | Sewer    | Entered a sewer
  5139 | Sewer    | Found a glowing silver altar of Zin.
  5348 | D:5      | Found the +3 giant club "Skullcrusher" {speed, Str+7}
  5350 | D:5      | You fall into a shaft and drop 3 floors!
  5351 | D:8      | Noticed a hippogriff
  5361 | D:8      | Killed a hippogriff
  5366 | D:8      | Reached skill level 5 in Spellcasting
  5368 | D:8      | Reached skill level 5 in Unarmed Combat
  5368 | D:8      | Reached XP level 8. HP: 47/67 MP: 11/15
  5381 | D:8      | Noticed a death yak
  5384 | D:8      | Slain by a porcupine

Levels and vault maps discovered:
D:1:      minmay_arrival_doors, layout_basic
D:2:      layout_basic, nicolae_ru_awakened_eye, serial_forest,
          infiniplex_forest_straight_5, infiniplex_forest_lined_room_2,
          infiniplex_forest_end_3, infiniplex_forest_lined_2,
          infiniplex_forest_clump_small, infiniplex_forest_lined_2,
          infiniplex_forest_straight_3, uniq_terence, uniq_natasha
D:3:      minmay_razor_zed, layout_basic, first_ration,
          minmay_misc_feat_enclosed
D:4:      layout_loops_ring, serial_shops, nicolae_shop_crystal,
          nicolae_shop_waterfront, nicolae_shop_stone, kennysheep_mini_moat,
          gammafunk_ghost_arena
D:5:      layout_cave_pools, serial_shops, kennysheep_mini,
          lightli_sewer_entry_pipes, grunt_ministairs_13, due_unseen_surprise
D:8:      layout_cave_pods, dpeg_lair_monsters, grunt_ogre_cave

Skill      XL: |  1  2  3  4  5  6  7 |
---------------+----------------------+-----
Dodging        | 2 3 4 |  4.4
Fighting       | 2 3 4 |  4.9
Transmutations | 3 4 |  4.9
Spellcasting   | 3 4 5 |  5.0
Unarmed Combat | 4 5 |  5.2

Action                   |  1- 3 |  4- 6 |  7- 9 || total
-------------------------+-------+-------+-------++-------
Melee: Unarmed           |    81 |   285 |    79 ||   445
       Tailslap          |     5 |    14 |     2 ||    21
       Kick              |     4 |     5 |       ||     9
       Headbutt          |     6 |     5 |       ||    11
       Punch             |     2 |     1 |     1 ||     4
 Cast: Beastly Appendage |    14 |    16 |       ||    30
       Sticks to Snakes  |     2 |     4 |       ||     6
       Spider Form       |       |    23 |    10 ||    33
 Abil: Breathe Dispellin |       |       |     3 ||     3
       Evoke Berserk Rag |       |       |     2 ||     2
  Use: Scroll            |       |       |     8 ||     8
       Potion            |       |       |     5 ||     5
 Stab: Sleeping          |       |     1 |       ||     1
  Eat: Chunk             |       |    15 |     5 ||    20
       Ration            |       |       |     1 ||     1
Armor: Skin              |    29 |    56 |     7 ||    92
Dodge: Dodged            |    74 |   253 |    59 ||   386

Table legend:
 A = Non-vault XP
 B = Vault XP
 C = Vault XP percentage of total XP
 D = Non-vault monster count
 E = Vault monster count
 F = Vault count percentage of total count
                 A         B        C        D         E       F
            +---------+---------+-------+---------+---------+-------
      Total |     881 |     831 |  48.5 |      93 |      34 |  26.8
            +---------+---------+-------+---------+---------+-------
        D:1 |      34 |      22 |  39.3 |      17 |       1 |   5.6
        D:2 |     145 |      35 |  19.4 |      23 |       1 |   4.2
        D:3 |     101 |      41 |  28.9 |      28 |      13 |  31.7
        D:4 |     288 |     156 |  35.1 |      17 |       3 |  15.0
        D:5 |      57 |      20 |  26.0 |       6 |       4 |  40.0
        D:8 |     256 |     437 |  63.1 |       2 |       4 |  66.7
      Sewer |       0 |     120 | 100.0 |       0 |       8 | 100.0
            +---------+---------+-------+---------+---------+-------
